FLORIDA Panthers vs ANAHEIM Ducks

Created - 20 février 2024 at 18:11

Goals
1 2 3 T
FLORIDA Panthers 0 2 0 2
ANAHEIM Ducks 0 0 1 1
Shots
1 2 3 T
FLORIDA Panthers 4 9 9 22
ANAHEIM Ducks 11 5 6 22

1st period

No Goal

Penalties :
Carter Verhaeghe (FLO) for Checking from behind (Minor) at 18:51

2nd period

1. FLORIDA Panthers , Brandon Saad 3 (Vincent Trocheck 9, Connor Murphy 8) at 4:17
2. FLORIDA Panthers , Yegor Sharangovich 3 (Eetu Luostarinen 7, Ryan McDonagh 5) at 12:49

Penalties :
Justin Holl (ANA) for Slashing (Minor) at 4:26, Matthew Tkachuk (FLO) for Hooking (Minor) at 7:38, Justin Holl (ANA) for High sticking (Minor) at 13:53

3rd period

3. ANAHEIM Ducks , Nick Paul 5 (Brayden Point 12, Brett Pesce 3) at 8:09

Penalties :
MacKenzie Weegar (ANA) for Goalie Interference (Minor) at 0:04, Brady Skjei (FLO) for High sticking (Minor) at 9:06

Goalie Stats

Darcy Kuemper (FLO), 21 saves from 22 shots - (0,955), W, 10-5-2, 60:00 minutes
Philipp Grubauer (ANA), 20 saves from 22 shots - (0,909), L, 8-7-0, 58:54 minutes

Players Stats for FLORIDA Panthers

Player Name              G  A  P  +/- PIM S  H  SB GA TA FO     MP     PP MP  PK MP  
------------------------------------------------------------------------------------
Adam Henrique            0  0  0   1  0   0  1  0  0  0  5/10   12:09   0:00   1:26 
Brady Skjei              0  0  0  -1  2   3  3  1  0  0  0/0    22:35   3:22   2:11 
Brandon Saad             1  0  1   1  0   1  1  0  0  0  0/2    17:30   3:22   0:00 
Brock Nelson             0  0  0  -1  0   2  1  0  0  0  0/0    22:18   3:22   4:01 
Carter Verhaeghe         0  0  0   1  2   0  2  0  0  0  0/1    16:42   2:35   0:00 
Connor Murphy            0  1  1   1  0   3  2  0  0  0  0/0    17:52   0:00   2:47 
Derek Grant              0  0  0   0  0   0  0  0  0  0  4/6     8:36   0:00   0:00 
Dougie Hamilton          0  0  0   1  0   2  2  0  0  0  0/0    18:22   2:35   0:59 
Eetu Luostarinen         0  1  1   1  0   0  3  0  0  0  0/0    12:28   0:00   2:01 
Jordan Martinook         0  0  0   0  0   0  2  0  0  0  0/1     9:06   0:00   0:30 
Josh Morrissey           0  0  0  -1  0   1  4  2  0  0  0/0    23:49   2:35   3:01 
Matt Irwin               0  0  0   1  0   1  0  0  0  0  0/0    14:49   0:00   0:00 
Matthew Tkachuk          0  0  0  -1  2   3  3  0  0  0  2/2    17:29   2:35   0:00 
Ryan McDonagh            0  1  1   1  0   1  3  1  0  0  0/0    22:32   3:22   2:56 
Ryan McLeod              0  0  0   0  0   0  2  0  0  0  0/0     8:36   0:00   0:00 
Steven Stamkos           0  0  0  -1  0   2  1  0  0  0  6/16   17:34   2:35   0:20 
Vincent Trocheck         0  1  1   1  0   2  1  2  0  0  13/28  21:06   3:22   3:36 
Yegor Sharangovich       1  0  1   1  0   1  0  0  0  0  0/1    10:27   0:00   0:00 

Players Stats for ANAHEIM Ducks

Player Name              G  A  P  +/- PIM S  H  SB GA TA FO     MP     PP MP  PK MP  
------------------------------------------------------------------------------------
Brayden Point            0  1  1   0  0   5  1  0  0  0  1/1    19:07   3:35   0:00 
Brett Pesce              0  1  1   1  0   0  0  2  0  0  0/0    25:16   3:03   4:02 
Chandler Stephenson      0  0  0  -1  0   1  3  0  0  0  5/6    18:06   2:22   1:26 
David Kampf              0  0  0   0  0   1  0  0  0  0  2/6    15:19   0:00   4:31 
Derick Brassard          0  0  0   0  0   0  1  0  0  0  0/0     7:30   0:02   0:00 
Elias Lindholm           0  0  0  -1  0   2  1  0  0  0  13/27  22:08   2:55   4:31 
Jeff Carter              0  0  0   0  0   2  3  0  0  0  12/21  18:08   3:00   0:00 
Joel Farabee             0  0  0   0  0   1  2  0  0  0  2/2    10:48   0:00   0:00 
Justin Holl              0  0  0   0  4   1  0  1  0  0  0/0    14:06   0:02   1:15 
MacKenzie Weegar         0  0  0   1  2   2  1  2  0  0  0/0    24:01   3:26   2:01 
Mark Giordano            0  0  0  -2  0   0  2  1  0  0  0/0    19:09   2:29   0:00 
Nathan MacKinnon         0  0  0  -1  0   0  1  0  0  0  0/0    17:37   2:55   0:00 
Nic Dowd                 0  0  0   0  0   2  1  0  0  0  1/3     8:54   0:00   1:26 
Nick Paul                1  0  1   0  0   2  2  0  0  0  1/1    18:08   3:00   0:00 
Patrick Maroon           0  0  0   0  0   0  1  0  0  0  0/0     7:30   0:02   0:00 
Ryan Lindgren            0  0  0   0  0   3  0  1  0  0  0/0    15:34   0:02   2:41 
Seth Jones               0  0  0  -2  0   0  1  1  0  0  0/0    21:51   2:52   1:55 
Warren Foegele           0  0  0   0  0   0  0  0  0  0  0/0    10:48   0:00   0:00 

3 Stars

1 - Brandon Saad (FLO)
2 - Yegor Sharangovich (FLO)
3 - Ryan McDonagh (FLO)

Power Play

FLORIDA Panthers - 0 on 3 Attempt(s) - 0,00%
ANAHEIM Ducks - 0 on 3 Attempt(s) - 0,00%

Penalty Kill

FLORIDA Panthers - 3 on 3 Attempt(s) - 100,00% - Score 0 goal in Penalty Kill
ANAHEIM Ducks - 3 on 3 Attempt(s) - 100,00% - Score 0 goal in Penalty Kill

Team Stat

FLORIDA Panthers - Hits : 31 - Faceoff Wins : 30 - Blocked Shots : 6 - Penalty Minutes : 6
ANAHEIM Ducks - Hits : 20 - Faceoff Wins : 37 - Blocked Shots : 8 - Penalty Minutes : 6

Official

Referees : Tom Chmielewski and Chris Rooney
Linesman : Steve Barton and Alex Blair

Game Notes

No Game Note

Finance

Level 1 -- Attendance: 4841 (80,68%) -- Ticket Income $484,100
Level 2 -- Attendance: 3736 (74,72%) -- Ticket Income $224,160
Level 3 -- Attendance: 1900 (95,00%) -- Ticket Income $66,500
Level 4 -- Attendance: 3837 (95,93%) -- Ticket Income $76,740
Luxury Box -- Attendance: 859 (85,90%) -- Ticket Income $171,800
Game was played at the Honda Center.
Total Attendance: 15173 (84,29%)
Total Ticket Income: $1,023,300
Other Income: $255,825
Total Income: $1,279,125

FLORIDA Panthers

5 vs 5 Forward 
   Center                   Left Wing                Right Wing               Time % Phy DF OF 
 1 Steven Stamkos           Brock Nelson             Matthew Tkachuk          40     1   2  2  
 2 Vincent Trocheck         Carter Verhaeghe         Brandon Saad             30     1   2  2  
 3 Adam Henrique            Eetu Luostarinen         Yegor Sharangovich       20     1   2  2  
 4 Derek Grant              Ryan McLeod              Jordan Martinook         10     1   2  2  

5 vs 5 Defense 
   Defense                  Defense                                           Time % Phy DF OF 
 1 Josh Morrissey           Brady Skjei                                       40     1   2  2  
 2 Dougie Hamilton          Ryan McDonagh                                     30     1   2  2  
 3 Connor Murphy            Matt Irwin                                        20     1   3  1  
 4 Josh Morrissey           Ryan McDonagh                                     10     1   2  2  

PowerPlay Forward 
   Center                   Left Wing                Right Wing               Time % Phy DF OF 
 1 Steven Stamkos           Carter Verhaeghe         Matthew Tkachuk          60     1   1  3  
 2 Vincent Trocheck         Brock Nelson             Brandon Saad             40     1   1  3  

PowerPlay Defense
   Defense                  Defense                                           Time % Phy DF OF 
 1 Josh Morrissey           Dougie Hamilton                                   60     1   2  2  
 2 Brady Skjei              Ryan McDonagh                                     40     1   2  2  

Penalty Kill 4 Players Forward 
   Center                   Wing                     Time % Phy DF OF 
 1 Vincent Trocheck         Brock Nelson             60     1   3  1  
 2 Adam Henrique            Eetu Luostarinen         40     1   4  0  

Penalty Kill 4 Players Defense
   Defense                  Defense                  Time % Phy DF OF 
 1 Ryan McDonagh            Brady Skjei              60     1   2  2  
 2 Connor Murphy            Josh Morrissey           40     1   2  2  

Penalty Kill - 3 Players Forward 
   Forward                                           Time % Phy DF OF 
 1 Eetu Luostarinen                                  60     1   4  0  
 2 Vincent Trocheck                                  40     1   2  2  

Penalty Kill - 3 Players Defense
   Defense                  Defense                  Time % Phy DF OF 
 1 Connor Murphy            Ryan McDonagh            60     1   2  2  
 2 Brady Skjei              Josh Morrissey           40     1   2  2  

4 vs 4 Forward 
   Center                   Wing                     Time % Phy DF OF 
 1 Steven Stamkos           Matthew Tkachuk          60     1   2  2  
 2 Vincent Trocheck         Brock Nelson             40     1   2  2  

4 vs 4 Defense
   Defense                  Defense                  Time % Phy DF OF 
 1 Josh Morrissey           Ryan McDonagh            60     1   2  2  
 2 Brady Skjei              Dougie Hamilton          40     1   2  2  

Last Minutes Offensive
   Center                   Left Wing                Right Wing               Defense                  Defense                  
   Steven Stamkos           Brock Nelson             Matthew Tkachuk          Josh Morrissey           Dougie Hamilton          

Last Minutes Defensive
   Center                   Left Wing                Right Wing               Defense                  Defense                  
   Vincent Trocheck         Brock Nelson             Brandon Saad             Ryan McDonagh            Brady Skjei              

Goaltenders
Starting : Darcy Kuemper            
Backup : Cayden Primeau           

Extra Forwards
Normal : Matthew Tkachuk, Adam Henrique, Eetu Luostarinen - PP : Yegor Sharangovich, Adam Henrique - PK : Eetu Luostarinen
Extra Defensemen
Normal : Connor Murphy, Dougie Hamilton, Brady Skjei - PP : Dougie Hamilton - PK : Ryan McDonagh, Brady Skjei
Penalty Shots
Steven Stamkos, Matthew Tkachuk, Brock Nelson, Vincent Trocheck, Carter Verhaeghe

Scratches
None

ANAHEIM Ducks

5 vs 5 Forward 
   Center                   Left Wing                Right Wing               Time % Phy DF OF 
 1 Elias Lindholm           Chandler Stephenson      Nathan MacKinnon         35     0   2  3  
 2 Jeff Carter              Nick Paul                Brayden Point            35     0   2  3  
 3 David Kampf              Joel Farabee             Warren Foegele           20     1   2  2  
 4 Nic Dowd                 Derick Brassard          Patrick Maroon           10     1   3  1  

5 vs 5 Defense 
   Defense                  Defense                                           Time % Phy DF OF 
 1 Brett Pesce              MacKenzie Weegar                                  40     1   2  2  
 2 Mark Giordano            Seth Jones                                        35     1   2  2  
 3 Justin Holl              Ryan Lindgren                                     20     2   2  1  
 4 Brett Pesce              MacKenzie Weegar                                  5      2   2  1  

PowerPlay Forward 
   Center                   Left Wing                Right Wing               Time % Phy DF OF 
 1 Elias Lindholm           Brayden Point            Nathan MacKinnon         60     0   1  4  
 2 Chandler Stephenson      Nick Paul                Jeff Carter              40     0   1  4  

PowerPlay Defense
   Defense                  Defense                                           Time % Phy DF OF 
 1 Seth Jones               MacKenzie Weegar                                  60     0   1  4  
 2 Mark Giordano            Brett Pesce                                       40     0   1  4  

Penalty Kill 4 Players Forward 
   Center                   Wing                     Time % Phy DF OF 
 1 Elias Lindholm           David Kampf              60     1   3  1  
 2 Chandler Stephenson      Nic Dowd                 40     1   3  1  

Penalty Kill 4 Players Defense
   Defense                  Defense                  Time % Phy DF OF 
 1 Brett Pesce              Ryan Lindgren            60     1   3  1  
 2 MacKenzie Weegar         Justin Holl              40     1   3  1  

Penalty Kill - 3 Players Forward 
   Forward                                           Time % Phy DF OF 
 1 Elias Lindholm                                    60     1   4  0  
 2 Chandler Stephenson                               40     1   4  0  

Penalty Kill - 3 Players Defense
   Defense                  Defense                  Time % Phy DF OF 
 1 Brett Pesce              Ryan Lindgren            60     1   4  0  
 2 MacKenzie Weegar         Justin Holl              40     1   4  0  

4 vs 4 Forward 
   Center                   Wing                     Time % Phy DF OF 
 1 Elias Lindholm           Nathan MacKinnon         60     1   2  2  
 2 Chandler Stephenson      Brayden Point            40     1   2  2  

4 vs 4 Defense
   Defense                  Defense                  Time % Phy DF OF 
 1 MacKenzie Weegar         Brett Pesce              60     1   2  2  
 2 Mark Giordano            Seth Jones               40     1   2  2  

Last Minutes Offensive
   Center                   Left Wing                Right Wing               Defense                  Defense                  
   Elias Lindholm           Brayden Point            Nathan MacKinnon         Seth Jones               MacKenzie Weegar         

Last Minutes Defensive
   Center                   Left Wing                Right Wing               Defense                  Defense                  
   Elias Lindholm           Chandler Stephenson      David Kampf              Ryan Lindgren            Brett Pesce              

Goaltenders
Starting : Philipp Grubauer         
Backup : Brian Elliott            

Extra Forwards
Normal : Jeff Carter, Nick Paul, Joel Farabee - PP : Jeff Carter, Nick Paul - PK : Jeff Carter
Extra Defensemen
Normal : Brett Pesce, Justin Holl, Ryan Lindgren - PP : Brett Pesce - PK : Brett Pesce, Justin Holl
Penalty Shots
Nathan MacKinnon, Brayden Point, Elias Lindholm, Chandler Stephenson, Nick Paul

Scratches
None


% Time on Ice - FLORIDA Panthers

Lines # - Real PCT - Wanted PCT - Time Play
Normal Forward
1 - 31% - 40% - 14:39
2 - 30% - 30% - 14:08
3 - 22% - 20% - 10:27
4 - 18% - 10% - 8:36
Normal Defense
1 - 36% - 40% - 17:03
2 - 29% - 30% - 13:49
3 - 31% - 20% - 14:49
4 - 4% - 10% - 2:09
PP Forward
1 - 43% - 60% - 2:35
2 - 57% - 40% - 3:22
PP Defense
1 - 43% - 60% - 2:35
2 - 57% - 40% - 3:22
PK Forward
1 - 76% - 60% - 4:31
2 - 24% - 40% - 1:26
PK Defense
1 - 58% - 60% - 3:26
2 - 42% - 40% - 2:31
PK3 Forward
1 - 0% - 60%
2 - 0% - 40%
PK3 Defense
1 - 0% - 60%
2 - 0% - 40%
44 Forward
1 - 0% - 60%
2 - 0% - 40%
44 Defense
1 - 0% - 60%
2 - 0% - 40%
Last Minute Offensive  - 0:00
Last Minute Defensive  - 0:16
Total
Forward - 60:00
Defense - 60:00

% Time on Ice - ANAHEIM Ducks

Lines # - Real PCT - Wanted PCT - Time Play
Normal Forward
1 - 30% - 35% - 14:18
2 - 32% - 35% - 15:08
3 - 23% - 20% - 10:48
4 - 16% - 10% - 7:28
Normal Defense
1 - 36% - 40% - 17:24
2 - 35% - 35% - 16:40
3 - 27% - 20% - 12:51
4 - 2% - 5% - 0:47
PP Forward
1 - 49% - 60% - 2:55
2 - 51% - 40% - 3:02
PP Defense
1 - 58% - 60% - 3:28
2 - 42% - 40% - 2:29
PK Forward
1 - 76% - 60% - 4:31
2 - 24% - 40% - 1:26
PK Defense
1 - 45% - 60% - 2:41
2 - 55% - 40% - 3:16
PK3 Forward
1 - 0% - 60%
2 - 0% - 40%
PK3 Defense
1 - 0% - 60%
2 - 0% - 40%
44 Forward
1 - 0% - 60%
2 - 0% - 40%
44 Defense
1 - 0% - 60%
2 - 0% - 40%
Last Minute Offensive  - 0:24
Last Minute Defensive  - 0:00
Total
Forward - 60:00
Defense - 60:00

Play-by-Play

1st period


0:01 of 1st period - Elias Lindholm wins face-off versus Steven Stamkos in neutral zone.
0:26 of 1st period - Shot by Matthew Tkachuk.
0:26 of 1st period - Shot Blocked by MacKenzie Weegar.
1:31 of 1st period - Shot by Carter Verhaeghe.
1:31 of 1st period - Deflect By Vincent Trocheck.
1:31 of 1st period - Shot Misses the Net.
1:59 of 1st period - Shot by Adam Henrique.
1:59 of 1st period - Shot Misses the Net.
2:19 of 1st period - Shot by Ryan Lindgren.
2:19 of 1st period - Stopped by Darcy Kuemper with a rebound.
2:25 of 1st period - David Kampf is hit by Adam Henrique and loses puck.
3:20 of 1st period - Icing by Josh Morrissey.
3:21 of 1st period - Derek Grant wins face-off versus Nic Dowd in FLORIDA Panthers zone.
3:21 of 1st period - Derek Grant is hit by Patrick Maroon.
4:49 of 1st period - Shot by Chandler Stephenson.
4:49 of 1st period - Stopped by Darcy Kuemper without a rebound.
4:50 of 1st period - Jeff Carter wins face-off versus Adam Henrique in FLORIDA Panthers zone.
4:56 of 1st period - Icing by Connor Murphy.
4:57 of 1st period - Nick Paul wins face-off versus Adam Henrique in FLORIDA Panthers zone.
4:58 of 1st period - Shot by Jeff Carter.
4:58 of 1st period - Stopped by Darcy Kuemper without a rebound.
4:59 of 1st period - Vincent Trocheck wins face-off versus Jeff Carter in FLORIDA Panthers zone.
4:59 of 1st period - Vincent Trocheck is hit by Brayden Point.
5:15 of 1st period - Brandon Saad is hit by Nick Paul.
5:20 of 1st period - Icing by MacKenzie Weegar.
5:21 of 1st period - Jeff Carter wins face-off versus Steven Stamkos in ANAHEIM Ducks zone.
5:23 of 1st period - Nick Paul is hit by Matthew Tkachuk and loses puck.
5:27 of 1st period - Brett Pesce is hit by Ryan McDonagh and loses puck.
5:41 of 1st period - Shot by Brock Nelson.
5:41 of 1st period - Stopped by Philipp Grubauer with a rebound.
5:43 of 1st period - Shot by Brock Nelson.
5:43 of 1st period - Shot Blocked by Brett Pesce.
5:45 of 1st period - Shot by Dougie Hamilton.
5:45 of 1st period - Stopped by Philipp Grubauer without a rebound.
5:46 of 1st period - Chandler Stephenson wins face-off versus Vincent Trocheck in ANAHEIM Ducks zone.
5:50 of 1st period - Off-side.
5:51 of 1st period - Vincent Trocheck wins face-off versus Elias Lindholm in neutral zone.
6:06 of 1st period - Shot by Elias Lindholm.
6:06 of 1st period - Shot Blocked by Ryan McDonagh.
6:13 of 1st period - Icing by Josh Morrissey.
6:14 of 1st period - Joel Farabee wins face-off versus Vincent Trocheck in FLORIDA Panthers zone.
6:52 of 1st period - Icing by Ryan McDonagh.
6:53 of 1st period - Vincent Trocheck wins face-off versus Jeff Carter in FLORIDA Panthers zone.
7:18 of 1st period - Shot by Brayden Point.
7:18 of 1st period - Stopped by Darcy Kuemper without a rebound.
7:19 of 1st period - Elias Lindholm wins face-off versus Adam Henrique in FLORIDA Panthers zone.
7:44 of 1st period - Shot by Chandler Stephenson.
7:44 of 1st period - Shot Misses the Net.
7:46 of 1st period - Shot by Ryan Lindgren.
7:46 of 1st period - Stopped by Darcy Kuemper without a rebound.
7:47 of 1st period - Steven Stamkos wins face-off versus Jeff Carter in FLORIDA Panthers zone.
8:06 of 1st period - Shot by Brayden Point.
8:06 of 1st period - Shot Misses the Net.
8:16 of 1st period - Shot by Brock Nelson.
8:16 of 1st period - Shot Misses the Net.
8:32 of 1st period - Shot by Jeff Carter.
8:32 of 1st period - Shot Misses the Net.
10:22 of 1st period - Shot by Vincent Trocheck.
10:22 of 1st period - Shot Blocked by Ryan Lindgren.
10:57 of 1st period - Icing by Brayden Point.
10:58 of 1st period - Jeff Carter wins face-off versus Steven Stamkos in ANAHEIM Ducks zone.
11:21 of 1st period - Shot by Brayden Point.
11:21 of 1st period - Deflect By Nick Paul.
11:21 of 1st period - Stopped by Darcy Kuemper with a rebound.
12:23 of 1st period - Justin Holl is hit by Eetu Luostarinen and loses puck.
12:35 of 1st period - Derick Brassard is hit by Brady Skjei and loses puck.
13:07 of 1st period - Connor Murphy is hit by Seth Jones and loses puck.
14:01 of 1st period - Shot by Joel Farabee.
14:01 of 1st period - Stopped by Darcy Kuemper with a rebound.
14:18 of 1st period - Joel Farabee is hit by Dougie Hamilton and loses puck.
14:21 of 1st period - Shot by MacKenzie Weegar.
14:21 of 1st period - Stopped by Darcy Kuemper without a rebound.
14:22 of 1st period - Jeff Carter wins face-off versus Brandon Saad in FLORIDA Panthers zone.
14:43 of 1st period - Shot by Brandon Saad.
14:43 of 1st period - Deflect By Vincent Trocheck.
14:43 of 1st period - Stopped by Philipp Grubauer without a rebound.
14:44 of 1st period - David Kampf wins face-off versus Adam Henrique in ANAHEIM Ducks zone.
14:44 of 1st period - David Kampf is hit by Eetu Luostarinen.
14:50 of 1st period - Eetu Luostarinen is hit by Joel Farabee.
15:14 of 1st period - Shot by Justin Holl.
15:14 of 1st period - Stopped by Darcy Kuemper without a rebound.
15:15 of 1st period - Elias Lindholm wins face-off versus Steven Stamkos in FLORIDA Panthers zone.
15:33 of 1st period - Nathan MacKinnon is hit by Brady Skjei and loses puck.
16:07 of 1st period - Icing by Seth Jones.
16:08 of 1st period - Elias Lindholm wins face-off versus Brandon Saad in ANAHEIM Ducks zone.
16:44 of 1st period - Shot by Brayden Point.
16:44 of 1st period - Stopped by Darcy Kuemper without a rebound.
16:45 of 1st period - Derek Grant wins face-off versus David Kampf in FLORIDA Panthers zone.
17:06 of 1st period - Shot by Ryan McLeod.
17:06 of 1st period - Shot Hit the Post.
18:00 of 1st period - MacKenzie Weegar is hit by Ryan McLeod and loses puck.
18:45 of 1st period - Shot by Steven Stamkos.
18:45 of 1st period - Deflect By Brock Nelson.
18:45 of 1st period - Stopped by Philipp Grubauer without a rebound.
18:46 of 1st period - Nic Dowd wins face-off versus Vincent Trocheck in ANAHEIM Ducks zone.
18:46 of 1st period - Nic Dowd is hit by Brandon Saad.
18:51 of 1st period - Minor Penalty to Carter Verhaeghe for Checking from behind.
18:52 of 1st period - Elias Lindholm wins face-off versus Vincent Trocheck in FLORIDA Panthers zone.
18:53 of 1st period - Shot by Seth Jones.
18:53 of 1st period - Shot Misses the Net.
19:03 of 1st period - Shot by Seth Jones.
19:03 of 1st period - Deflect By Brayden Point.
19:03 of 1st period - Stopped by Darcy Kuemper without a rebound.
19:04 of 1st period - Chandler Stephenson wins face-off versus Vincent Trocheck in FLORIDA Panthers zone.
19:56 of 1st period - Icing by Brett Pesce.
19:57 of 1st period - Chandler Stephenson wins face-off versus Vincent Trocheck in ANAHEIM Ducks zone.
Goals for this period are 0 for FLORIDA Panthers vs 0 for ANAHEIM Ducks.
Shots for this period are 4 for FLORIDA Panthers vs 11 for ANAHEIM Ducks.

2nd period


0:01 of 2nd period - Vincent Trocheck wins face-off versus Elias Lindholm in neutral zone.
1:14 of 2nd period - Nic Dowd is hit by Connor Murphy and loses puck.
1:29 of 2nd period - Shot by Connor Murphy.
1:29 of 2nd period - Stopped by Philipp Grubauer with a rebound.
3:26 of 2nd period - Shot by Steven Stamkos.
3:26 of 2nd period - Shot Misses the Net.
3:55 of 2nd period - Shot by Vincent Trocheck.
3:55 of 2nd period - Shot Misses the Net.
4:15 of 2nd period - Shot by Vincent Trocheck.
4:15 of 2nd period - Shot Misses the Net.
4:17 of 2nd period - Shot by Brandon Saad.
4:17 of 2nd period - Goal by Brandon Saad - FLORIDA Panthers : 1 - ANAHEIM Ducks : 0.
4:18 of 2nd period - Derek Grant wins face-off versus Elias Lindholm in neutral zone.
4:21 of 2nd period - Nathan MacKinnon is hit by Jordan Martinook.
4:26 of 2nd period - Minor Penalty to Justin Holl for Slashing.
4:27 of 2nd period - Elias Lindholm wins face-off versus Steven Stamkos in ANAHEIM Ducks zone.
5:19 of 2nd period - Off-side.
5:20 of 2nd period - Elias Lindholm wins face-off versus Vincent Trocheck in neutral zone.
5:51 of 2nd period - Shot by Brady Skjei.
5:51 of 2nd period - Stopped by Philipp Grubauer with a rebound.
5:53 of 2nd period - Shot by Vincent Trocheck.
5:53 of 2nd period - Shot Blocked by Brett Pesce.
6:08 of 2nd period - Icing by Ryan McDonagh.
6:09 of 2nd period - Elias Lindholm wins face-off versus Vincent Trocheck in FLORIDA Panthers zone.
6:49 of 2nd period - Icing by Justin Holl.
6:50 of 2nd period - Derek Grant wins face-off versus Nic Dowd in ANAHEIM Ducks zone.
7:17 of 2nd period - Shot by Nic Dowd.
7:17 of 2nd period - Stopped by Darcy Kuemper without a rebound.
7:18 of 2nd period - Adam Henrique wins face-off versus Elias Lindholm in FLORIDA Panthers zone.
7:18 of 2nd period - Adam Henrique is hit by Chandler Stephenson.
7:24 of 2nd period - Shot by Matt Irwin.
7:24 of 2nd period - Stopped by Philipp Grubauer without a rebound.
7:25 of 2nd period - Elias Lindholm wins face-off versus Steven Stamkos in ANAHEIM Ducks zone.
7:25 of 2nd period - Elias Lindholm is hit by Steven Stamkos.
7:38 of 2nd period - Minor Penalty to Matthew Tkachuk for Hooking.
7:39 of 2nd period - Vincent Trocheck wins face-off versus Elias Lindholm in FLORIDA Panthers zone.
8:00 of 2nd period - Off-side.
8:01 of 2nd period - Vincent Trocheck wins face-off versus Chandler Stephenson in neutral zone.
8:22 of 2nd period - Shot by Brett Pesce.
8:22 of 2nd period - Shot Misses the Net.
8:24 of 2nd period - Shot by Nick Paul.
8:24 of 2nd period - Shot Misses the Net.
8:55 of 2nd period - Off-side.
8:56 of 2nd period - Vincent Trocheck wins face-off versus Elias Lindholm in neutral zone.
9:13 of 2nd period - Connor Murphy is hit by Elias Lindholm and loses puck.
9:20 of 2nd period - Shot by Seth Jones.
9:20 of 2nd period - Shot Misses the Net.
9:22 of 2nd period - Shot by Elias Lindholm.
9:22 of 2nd period - Stopped by Darcy Kuemper with a rebound.
9:30 of 2nd period - Shot by MacKenzie Weegar.
9:30 of 2nd period - Shot Misses the Net.
9:32 of 2nd period - Shot by Seth Jones.
9:32 of 2nd period - Shot Misses the Net.
9:34 of 2nd period - Shot by MacKenzie Weegar.
9:34 of 2nd period - Shot Misses the Net.
10:06 of 2nd period - Shot by Derek Grant.
10:06 of 2nd period - Shot Misses the Net.
10:50 of 2nd period - Shot by Vincent Trocheck.
10:50 of 2nd period - Shot Misses the Net.
12:01 of 2nd period - Shot by Connor Murphy.
12:01 of 2nd period - Shot Misses the Net.
12:13 of 2nd period - Shot by Steven Stamkos.
12:13 of 2nd period - Shot Blocked by Seth Jones.
12:49 of 2nd period - Shot by Yegor Sharangovich.
12:49 of 2nd period - Goal by Yegor Sharangovich - FLORIDA Panthers : 2 - ANAHEIM Ducks : 0.
12:50 of 2nd period - Jeff Carter wins face-off versus Jordan Martinook in neutral zone.
12:50 of 2nd period - Nick Paul is hit by Ryan McLeod and loses puck.
13:06 of 2nd period - Off-side.
13:07 of 2nd period - Joel Farabee wins face-off versus Yegor Sharangovich in neutral zone.
13:09 of 2nd period - MacKenzie Weegar is hit by Brady Skjei and loses puck.
13:24 of 2nd period - David Kampf is hit by Eetu Luostarinen and loses puck.
13:39 of 2nd period - Shot by David Kampf.
13:39 of 2nd period - Shot Misses the Net.
13:41 of 2nd period - Shot by David Kampf.
13:41 of 2nd period - Stopped by Darcy Kuemper without a rebound.
13:42 of 2nd period - Steven Stamkos wins face-off versus Jeff Carter in FLORIDA Panthers zone.
13:42 of 2nd period - Steven Stamkos is hit by Nick Paul.
13:53 of 2nd period - Minor Penalty to Justin Holl for High sticking.
13:54 of 2nd period - Steven Stamkos wins face-off versus Elias Lindholm in ANAHEIM Ducks zone.
14:07 of 2nd period - Shot by Dougie Hamilton.
14:07 of 2nd period - Shot Misses the Net.
14:09 of 2nd period - Shot by Matthew Tkachuk.
14:09 of 2nd period - Stopped by Philipp Grubauer without a rebound.
14:10 of 2nd period - Vincent Trocheck wins face-off versus Elias Lindholm in ANAHEIM Ducks zone.
14:27 of 2nd period - Shot by Brady Skjei.
14:27 of 2nd period - Stopped by Philipp Grubauer without a rebound.
14:28 of 2nd period - Matthew Tkachuk wins face-off versus Elias Lindholm in ANAHEIM Ducks zone.
14:42 of 2nd period - Steven Stamkos is hit by Nic Dowd and loses puck.
15:02 of 2nd period - Shot by Steven Stamkos.
15:02 of 2nd period - Stopped by Philipp Grubauer with a rebound.
15:04 of 2nd period - Shot by Dougie Hamilton.
15:04 of 2nd period - Shot Blocked by MacKenzie Weegar.
15:06 of 2nd period - Shot by Dougie Hamilton.
15:06 of 2nd period - Stopped by Philipp Grubauer without a rebound.
15:07 of 2nd period - Chandler Stephenson wins face-off versus Vincent Trocheck in ANAHEIM Ducks zone.
15:38 of 2nd period - Shot by Ryan McDonagh.
15:38 of 2nd period - Shot Hit the Post.
16:02 of 2nd period - Icing by Ryan McLeod.
16:03 of 2nd period - Jeff Carter wins face-off versus Derek Grant in FLORIDA Panthers zone.
16:25 of 2nd period - Ryan McLeod is hit by Mark Giordano and loses puck.
17:09 of 2nd period - Brayden Point is hit by Brock Nelson and loses puck.
17:16 of 2nd period - Brady Skjei is hit by Jeff Carter.
17:28 of 2nd period - Seth Jones is hit by Josh Morrissey and loses puck.
17:49 of 2nd period - Shot by Nic Dowd.
17:49 of 2nd period - Shot Blocked by Josh Morrissey.
18:09 of 2nd period - Shot by Nic Dowd.
18:09 of 2nd period - Stopped by Darcy Kuemper with a rebound.
18:13 of 2nd period - Shot by Nic Dowd.
18:13 of 2nd period - Shot Misses the Net.
18:44 of 2nd period - Shot by Nathan MacKinnon.
18:44 of 2nd period - Shot Blocked by Vincent Trocheck.
18:46 of 2nd period - Shot by Ryan Lindgren.
18:46 of 2nd period - Shot Misses the Net.
19:02 of 2nd period - Shot by Ryan Lindgren.
19:02 of 2nd period - Stopped by Darcy Kuemper without a rebound.
19:03 of 2nd period - Adam Henrique wins face-off versus David Kampf in FLORIDA Panthers zone.
19:20 of 2nd period - Connor Murphy is hit by Joel Farabee and loses puck.
Goals for this period are 2 for FLORIDA Panthers vs 0 for ANAHEIM Ducks.
Shots for this period are 9 for FLORIDA Panthers vs 5 for ANAHEIM Ducks.

3rd period


0:01 of 3rd period - Steven Stamkos wins face-off versus Elias Lindholm in neutral zone.
0:01 of 3rd period - Steven Stamkos is hit by Chandler Stephenson.
0:04 of 3rd period - Minor Penalty to MacKenzie Weegar for Goalie Interference.
0:05 of 3rd period - Elias Lindholm wins face-off versus Carter Verhaeghe in ANAHEIM Ducks zone.
1:06 of 3rd period - Shot by Ryan McDonagh.
1:06 of 3rd period - Stopped by Philipp Grubauer without a rebound.
1:07 of 3rd period - Elias Lindholm wins face-off versus Vincent Trocheck in ANAHEIM Ducks zone.
1:36 of 3rd period - Shot by Brady Skjei.
1:36 of 3rd period - Stopped by Philipp Grubauer with a rebound.
2:11 of 3rd period - Shot by Nic Dowd.
2:11 of 3rd period - Deflect By Patrick Maroon.
2:11 of 3rd period - Shot Misses the Net.
2:53 of 3rd period - Off-side.
2:54 of 3rd period - Jeff Carter wins face-off versus Derek Grant in neutral zone.
2:54 of 3rd period - Seth Jones is hit by Jordan Martinook.
2:56 of 3rd period - Shot by Brayden Point.
2:56 of 3rd period - Stopped by Darcy Kuemper without a rebound.
2:57 of 3rd period - Jeff Carter wins face-off versus Steven Stamkos in FLORIDA Panthers zone.
3:00 of 3rd period - Shot by Nick Paul.
3:00 of 3rd period - Shot Misses the Net.
3:19 of 3rd period - Shot by Matthew Tkachuk.
3:19 of 3rd period - Stopped by Philipp Grubauer without a rebound.
3:20 of 3rd period - Elias Lindholm wins face-off versus Vincent Trocheck in ANAHEIM Ducks zone.
3:20 of 3rd period - Elias Lindholm is hit by Carter Verhaeghe.
3:23 of 3rd period - Ryan Lindgren is hit by Carter Verhaeghe and loses puck.
3:45 of 3rd period - Shot by Vincent Trocheck.
3:45 of 3rd period - Stopped by Philipp Grubauer without a rebound.
3:46 of 3rd period - Matthew Tkachuk wins face-off versus Jeff Carter in ANAHEIM Ducks zone.
3:54 of 3rd period - Off-side.
3:55 of 3rd period - Steven Stamkos wins face-off versus Jeff Carter in neutral zone.
4:18 of 3rd period - Icing by MacKenzie Weegar.
4:19 of 3rd period - Jeff Carter wins face-off versus Vincent Trocheck in ANAHEIM Ducks zone.
4:37 of 3rd period - Off-side.
4:38 of 3rd period - Steven Stamkos wins face-off versus Elias Lindholm in neutral zone.
5:09 of 3rd period - Elias Lindholm is hit by Matthew Tkachuk and loses puck.
5:39 of 3rd period - Dougie Hamilton is hit by Jeff Carter and loses puck.
5:52 of 3rd period - MacKenzie Weegar is hit by Ryan McDonagh and loses puck.
5:58 of 3rd period - Icing by Vincent Trocheck.
5:59 of 3rd period - Vincent Trocheck wins face-off versus David Kampf in FLORIDA Panthers zone.
6:01 of 3rd period - Icing by Carter Verhaeghe.
6:02 of 3rd period - Vincent Trocheck wins face-off versus David Kampf in FLORIDA Panthers zone.
6:12 of 3rd period - Brett Pesce is hit by Ryan McDonagh and loses puck.
6:21 of 3rd period - Shot by Joel Farabee.
6:21 of 3rd period - Shot Misses the Net.
6:32 of 3rd period - Icing by Dougie Hamilton.
6:33 of 3rd period - Elias Lindholm wins face-off versus Vincent Trocheck in FLORIDA Panthers zone.
7:30 of 3rd period - Shot by Josh Morrissey.
7:30 of 3rd period - Stopped by Philipp Grubauer without a rebound.
7:31 of 3rd period - Adam Henrique wins face-off versus Jeff Carter in ANAHEIM Ducks zone.
7:37 of 3rd period - Icing by Brett Pesce.
7:38 of 3rd period - Adam Henrique wins face-off versus Jeff Carter in ANAHEIM Ducks zone.
7:38 of 3rd period - Adam Henrique is hit by MacKenzie Weegar.
7:40 of 3rd period - Shot by Connor Murphy.
7:40 of 3rd period - Stopped by Philipp Grubauer without a rebound.
7:41 of 3rd period - Jeff Carter wins face-off versus Steven Stamkos in ANAHEIM Ducks zone.
8:01 of 3rd period - Shot by Nick Paul.
8:01 of 3rd period - Shot Misses the Net.
8:03 of 3rd period - Shot by Jeff Carter.
8:03 of 3rd period - Stopped by Darcy Kuemper with a rebound.
8:09 of 3rd period - Shot by Brayden Point.
8:09 of 3rd period - Deflect By Nick Paul.
8:09 of 3rd period - Goal by Nick Paul - FLORIDA Panthers : 2 - ANAHEIM Ducks : 1.
8:10 of 3rd period - Vincent Trocheck wins face-off versus Elias Lindholm in neutral zone.
8:13 of 3rd period - Mark Giordano is hit by Vincent Trocheck and loses puck.
9:05 of 3rd period - Chandler Stephenson is hit by Josh Morrissey and loses puck.
9:06 of 3rd period - Minor Penalty to Brady Skjei for High sticking.
9:07 of 3rd period - Brayden Point wins face-off versus Vincent Trocheck in FLORIDA Panthers zone.
9:10 of 3rd period - Shot by Seth Jones.
9:10 of 3rd period - Shot Misses the Net.
9:12 of 3rd period - Shot by MacKenzie Weegar.
9:12 of 3rd period - Shot Misses the Net.
9:14 of 3rd period - Shot by Seth Jones.
9:14 of 3rd period - Shot Misses the Net.
9:16 of 3rd period - Shot by Seth Jones.
9:16 of 3rd period - Shot Misses the Net.
11:20 of 3rd period - Warren Foegele is hit by Dougie Hamilton and loses puck.
12:20 of 3rd period - Steven Stamkos is hit by Mark Giordano and loses puck.
12:23 of 3rd period - Shot by Matt Irwin.
12:23 of 3rd period - Shot Blocked by Mark Giordano.
12:25 of 3rd period - Shot by Matthew Tkachuk.
12:25 of 3rd period - Stopped by Philipp Grubauer without a rebound.
12:26 of 3rd period - Chandler Stephenson wins face-off versus Vincent Trocheck in ANAHEIM Ducks zone.
12:43 of 3rd period - Shot by Elias Lindholm.
12:43 of 3rd period - Shot Blocked by Josh Morrissey.
12:45 of 3rd period - Shot by Elias Lindholm.
12:45 of 3rd period - Stopped by Darcy Kuemper without a rebound.
12:46 of 3rd period - Jeff Carter wins face-off versus Adam Henrique in FLORIDA Panthers zone.
12:46 of 3rd period - Jeff Carter is hit by Josh Morrissey.
13:19 of 3rd period - Shot by Adam Henrique.
13:19 of 3rd period - Shot Blocked by Justin Holl.
13:22 of 3rd period - Icing by Brayden Point.
13:23 of 3rd period - Jeff Carter wins face-off versus Steven Stamkos in ANAHEIM Ducks zone.
14:03 of 3rd period - Matthew Tkachuk is hit by Chandler Stephenson.
14:55 of 3rd period - Shot by Joel Farabee.
14:55 of 3rd period - Shot Misses the Net.
15:43 of 3rd period - Vincent Trocheck is hit by Derick Brassard and loses puck.
15:57 of 3rd period - Shot by Derick Brassard.
15:57 of 3rd period - Shot Blocked by Vincent Trocheck.
16:02 of 3rd period - Icing by Josh Morrissey.
16:03 of 3rd period - Vincent Trocheck wins face-off versus Jeff Carter in FLORIDA Panthers zone.
16:03 of 3rd period - Brandon Saad is hit by Jeff Carter and loses puck.
16:17 of 3rd period - Off-side.
16:18 of 3rd period - Adam Henrique wins face-off versus Elias Lindholm in neutral zone.
16:18 of 3rd period - Adam Henrique is hit by Nathan MacKinnon.
17:25 of 3rd period - Shot by Brayden Point.
17:25 of 3rd period - Shot Hit the Post.
17:44 of 3rd period - Shot by Jeff Carter.
17:44 of 3rd period - Deflect By Brayden Point.
17:44 of 3rd period - Stopped by Darcy Kuemper without a rebound.
17:45 of 3rd period - David Kampf wins face-off versus Steven Stamkos in FLORIDA Panthers zone.
17:45 of 3rd period - David Kampf is hit by Connor Murphy.
18:03 of 3rd period - Justin Holl is hit by Matthew Tkachuk and loses puck.
18:12 of 3rd period - Shot by Steven Stamkos.
18:12 of 3rd period - Stopped by Philipp Grubauer with a rebound.
18:14 of 3rd period - Shot by Steven Stamkos.
18:14 of 3rd period - Shot Misses the Net.
18:16 of 3rd period - Shot by Connor Murphy.
18:16 of 3rd period - Stopped by Philipp Grubauer with a rebound.
18:18 of 3rd period - Shot by Steven Stamkos.
18:18 of 3rd period - Shot Misses the Net.
18:20 of 3rd period - Shot by Connor Murphy.
18:20 of 3rd period - Shot Misses the Net.
18:37 of 3rd period - Joel Farabee is hit by Josh Morrissey and loses puck.
18:54 of 3rd period - ANAHEIM Ducks, Philipp Grubauer is pulled from the net.
18:54 of 3rd period - Shot by MacKenzie Weegar.
18:54 of 3rd period - Stopped by Darcy Kuemper with a rebound.
18:56 of 3rd period - Shot by Nick Paul.
18:56 of 3rd period - Shot Blocked by Brady Skjei.
19:35 of 3rd period - Icing by Josh Morrissey.
19:36 of 3rd period - Vincent Trocheck wins face-off versus Elias Lindholm in FLORIDA Panthers zone.
Goals for this period are 0 for FLORIDA Panthers vs 1 for ANAHEIM Ducks.
Shots for this period are 9 for FLORIDA Panthers vs 6 for ANAHEIM Ducks. Output by the SimonT Hockey Simulator (STHS) for Martin Benoit - Original Page W3C HTML5 Valid
Hockey Simulator - Hockey Simulation - Hockey Manager